 Dungeon Crawl Stone Soup version 0.28-a0-906-g0406aca7d3 (webtiles) character file.

Game seed: 11488374338693043566

32 tsouns the Poker (level 3, 0/29 HPs)
             Began as a Formicid Gladiator on Nov 23, 2021.
             Was an Initiate of Zin.
             Killed from afar by Natasha (3 damage)
             ... with a magic dart
             ... on level 2 of the Dungeon.
             The game lasted 00:01:55 (1224 turns).

tsouns the Poker (Formicid Gladiator)               Turns: 1224, Time: 00:01:55

Health: 0/29       AC:  4    Str: 18    XL:     3   Next: 45%
Magic:  3/3        EV:  7    Int:  8    God:    Zin [......]
Gold:   50         SH: 10    Dex: 12    Spells: 2/2 levels left

rFire   . . .      SeeInvis +   a - +0 trident
rCold   . . .      Faith    .   h - +0 tower shield
rNeg    . . .      Spirit   .   b - +0 leather armour
rPois   .          Reflect  .   (helmet unavailable)
rElec   .          Harm     .   (no cloak)
rCorr   .          Rampage  .   (no gloves)
Will    .....                   f - +0 pair of boots
Stlth   +.........              (no amulet)
HPRegen 0.09/turn               (no ring)
MPRegen 0.08/turn               (no ring)

@: no status effects
A: permanent stasis, dig shafts and tunnels, antennae 3, four strong arms
a: Dig, Shaft Self, Renounce Religion, Donate Gold


You were on level 2 of the Dungeon.
You worshipped Zin.
Zin was noncommittal.
You visited 1 branch of the dungeon, and saw 2 of its levels.

You collected 55 gold pieces.
You donated 5 gold pieces to Zin.

Inventory:

Hand Weapons
 a - a +0 trident (weapon)
Missiles
 c - 3 throwing nets (quivered)
Armour
 b - a +0 leather armour (worn)
 f - a +0 pair of boots (worn)
 h - a +0 tower shield (worn)
Scrolls
 d - 2 scrolls of teleportation {unknown}
 i - a scroll of identify {unknown}
Potions
 e - a potion of invisibility {unknown}
 g - a potion of cancellation {unknown}


   Skills:
 + Level 3.2 Fighting
 + Level 3.6 Polearms
 - Level 2.0 Throwing
 - Level 2.6 Dodging
 + Level 0.0 Shields


You had 2 spell levels left.
You didn't know any spells.
Your spell library contained the following spells:

 Spells                   Type           Power      Damage    Failure   Level
 Portal Projectile        Hex/Tloc       0%         N/A       100%        3
 Blade Hands              Tmut           0%         N/A       100%        5
 Excruciating Wounds      Necr           0%         N/A       100%        5


Dungeon Overview and Level Annotations

Branches:
Dungeon (2/15)

Altars:
Sif Muna
Zin

Annotations:
D:2 Natasha


Innate Abilities, Weirdness & Mutations

You cannot be hasted, slowed, berserked, paralysed or teleported.
You can dig through walls and to a lower floor.
You have a pair of large antennae on your head. (SInv)
Your four strong arms can wield two-handed weapons with a shield.


Message History

You see here a rat corpse.
Natasha, Servant of Life and Death comes into view.
Natasha moves out of view.
Unknown command.
No target in view!
Natasha casts a spell at you. The magic dart hits you.
You barely miss Natasha.
Natasha mumbles some strange words.
You block Natasha's attack.
You miss Natasha.
The crimson imp blinks!
Natasha claws you.
You barely miss Natasha. You block Natasha's attack.
Natasha mumbles some strange words.
You feel disoriented. You block Natasha's attack.
The crimson imp sputters.
The crimson imp barely misses you.
You barely miss the crimson imp.
The crimson imp hits you but does no damage.
Natasha mumbles some strange words.
Natasha glows brightly for a moment.
The crimson imp blinks!
You reach to attack!
You closely miss Natasha. You block Natasha's attack.
You puncture Natasha!
Natasha is heavily wounded.
Natasha claws you.
The crimson imp blinks!
Natasha claws you.
You closely miss Natasha.
Natasha is heavily wounded.
You block Natasha's attack.
You closely miss Natasha.
Natasha is heavily wounded.
Natasha claws you.
* * * LOW HITPOINT WARNING * * *
Natasha claws you.
* * * LOW HITPOINT WARNING * * *
You hit Natasha.
Natasha is severely wounded.
Natasha casts a spell at you. The magic dart hits you.
You die...

#.........#.##
#.........#.#
#.........#.#
##........#.#
#...........#.#
#..#..........#
########..#........####
#......#...............
#.####@#.##.#######.###
#.#..#h# #. #...#
#.#...5# # #.#.#
#.##.### ...#.# #.##.
### #.# #.##. #.# #.##.
#.# #†##. #.#
#.#################.#


You could see Natasha and a crimson imp (summoned).

Vanquished Creatures
  An adder (D:2)
  A dart slug (D:1)
  3 bats
  An endoplasm (D:2)
  3 giant cockroaches
  2 hobgoblins (D:1)
  2 kobolds
  A quokka (D:2)
  A ball python (D:1)
  A frilled lizard (D:2)
  3 goblins (D:1)
  A rat (D:2)
20 creatures vanquished.

Notes
Turn   | Place    | Note
-------+----------+-------------------------------------------
     0 | D:1      | tsouns the Formicid Gladiator began the quest for the Orb.
     0 | D:1      | Reached XP level 1. HP: 16/16 MP: 1/1
   275 | D:1      | Reached XP level 2. HP: 23/23 MP: 2/2
   824 | D:2      | Found a faded altar of an unknown god.
   830 | D:2      | Prayed at the altar of an unknown god.
   830 | D:2      | Became a worshipper of Sif Muna the Loreminder
   830 | D:2      | Reached * piety under Sif Muna
   946 | D:2      | Reached XP level 3. HP: 26/29 MP: 3/3
  1098 | D:2      | Found a glowing silver altar of Zin.
  1125 | D:2      | Fell from the grace of Sif Muna
  1125 | D:2      | Became a worshipper of Zin the Law-Giver
  1212 | D:2      | Noticed Natasha
  1224 | D:2      | Killed from afar by Natasha

Illustrated notes

Levels and vault maps discovered:
D:1:      minmay_arrival_hallway, layout_basic, roderic_lattice_a,
          minmay_misc_feat_columns, skrybe_limestone_x
D:2:      layout_basic, hellmonk_ecumenical_altar_run_dry, basic_altar,
          uniq_jessica, uniq_natasha, uniq_robin

Skill      XL: |  1  2 |
---------------+-------+-----
Fighting       | 3 |  3.2
Polearms       | |  3.6
Throwing       | |  2.0
Dodging        | |  2.6

Action                   || total
-------------------------++-------
Melee: Trident           ||    79
Armor: Leather armour    ||    10
Dodge: Dodged            ||    38
Block: Tower shield      ||    10

Table legend: (Time is in decaauts)
 A = Elapsed time spent in this place.
 B = Non-inter-level travel time spent in this place.
 C = Inter-level travel time spent in this place.
 D = Time resting spent in this place.
 E = Time spent auto-exploring this place.
 F = Levels seen in this place.
 G = Mean time per level.
                   A        B        C        D        E       F      G
               +--------+--------+--------+--------+--------+-----+--------+
         Total |   1242 |   1196 |     46 |      0 |    988 |   2 |  621.0 |
       Dungeon |   1242 |   1196 |     46 |      0 |    988 |   2 |  621.0 |
               +--------+--------+--------+--------+--------+-----+--------+

Top non-repeatable levels by time:
     D:1: 828 daAuts
     D:2: 414 daAuts
